 Dungeon Crawl Stone Soup version 0.21.1-1-g345015f (webtiles) character file.

51 Golfball the Cudgeler (level 3, -1/29 HPs)
             Began as a Demonspawn Abyssal Knight on Feb 6, 2018.
             Was a Follower of Lugonu.
             Slain by a kobold
             ... wielding a +0 whip
              (4 damage)
             ... on level 2 of the Dungeon.
             The game lasted 00:06:12 (1539 turns).

Golfball the Cudgeler (Demonspawn Abyssal Knight)   Turns: 1539, Time: 00:06:13

Health: -1/29      AC:  3    Str: 13    XL:     3   Next: 57%
Magic:  4/4        EV: 11    Int: 13    God:    Lugonu [*.....]
Gold:   109        SH:  0    Dex: 12    Spells: 2/2 levels left

rFire    . . .     SeeInvis .   a - +1 mace
rCold    . . .     Gourm    .   (no shield)
rNeg     . . .     Faith    .   b - +0 leather armour
rPois    .         Spirit   .   (no helmet)
rElec    .         Reflect  .   (no cloak)
rCorr    .         Harm     .   (no gloves)
MR       .....                  (no boots)
Stlth    +.........             (no amulet)
HPRegen  0.09/turn              (no ring)
MPRegen  0.09/turn              (no ring)

@: no status effects
A: hooves 1, rot immunity
a: Depart the Abyss, Renounce Religion


You were on level 2 of the Dungeon.
You worshipped Lugonu.
Lugonu was aware of your devotion.
You were not hungry.

You visited 1 branch of the dungeon, and saw 2 of its levels.
You visited the Abyss 1 time.

You collected 109 gold pieces.

Inventory:

Hand Weapons
 a - a +1 mace (weapon)
 i - a +0 hand axe
Missiles
 e - 40 stones (quivered)
 o - 16 sling bullets
Armour
 b - a +0 leather armour (worn)
Potions
 f - a potion of cancellation
 g - a potion of brilliance {unknown}
 h - a potion of berserk rage {unknown}
 j - 2 potions of agility
 k - a potion of haste {unknown}
 m - a potion of magic {unknown}
 q - a potion of might {unknown}
Comestibles
 c - 3 rations
 d - 2 chunks of flesh


   Skills:
 - Level 3.0 Fighting
 + Level 3.6 Maces & Flails
 - Level 1.7 Armour
 - Level 0.8 Dodging
 - Level 2.4 Invocations


You had 2 spell levels left.
You didn't know any spells.

Dungeon Overview and Level Annotations

Branches:
Dungeon (2/15)

Altars:


Innate Abilities, Weirdness & Mutations

You have large cloven feet.
You are immune to rotting.


Message History

The worm is almost dead.
The kobold hits you with a whip. The worm bites you.
The kobold hits you but does no damage.
You barely miss the worm. You kick the worm, but do no damage.
The worm is severely wounded.
The kobold hits you but does no damage. The worm bites you!
* * * LOW HITPOINT WARNING * * *
You sock the worm!
You kill the worm!
Lugonu accepts your kill. The kobold completely misses you.
You barely miss the kobold. Your kick misses the kobold. The rat misses you.
The kobold hits you with a whip.
* * * LOW HITPOINT WARNING * * *
You barely miss the kobold. You kick the kobold.
The kobold is moderately wounded.
The rat bites you.
* * * LOW HITPOINT WARNING * * *
The kobold hits you with a whip.
You die...

.......#. ...#....
..#... # ...r#
#.####...# #........#
#.....(.##
#%##...rK############
#.#.#@...........#
#.#.#............# #
#.#.(..........#
#.#............#
..#............#
###............#
#............#
#####............###
#.....#............#


You could see a kobold and a rat.

Vanquished Creatures
  An adder (D:2)
  An ooze (D:1)
  A worm (D:2)
  A dart slug (D:1)
  A leopard gecko (D:1)
  5 giant cockroaches
  4 goblins (D:1)
  2 hobgoblins
  8 kobolds
  A ball python (D:1)
  2 bats
  A frilled lizard (D:1)
  2 rats (D:1)
30 creatures vanquished.

Notes
Turn   | Place    | Note
-------+----------+-------------------------------------------
     0 | Abyss:1  | Golfball the Demonspawn Abyssal Knight began the quest for the Orb.
     0 | Abyss:1  | Reached XP level 1. HP: 18/18 MP: 2/2
    53 | Abyss:1  | Noticed a raiju
    55 | D:1      | Escaped the Abyss
   514 | D:1      | Gained mutation: You have large cloven feet. [demonic ancestry]
   514 | D:1      | Reached XP level 2. HP: 24/24 MP: 3/3
   531 | D:1      | Reached * piety under Lugonu
   936 | D:1      | Gained mutation: You are immune to rotting. [demonic ancestry]
   936 | D:1      | Reached XP level 3. HP: 25/29 MP: 4/4
  1539 | D:2      | Slain by a kobold

Skill      XL: |  1  2 |
---------------+-------+-----
Maces & Flails | 2 3 |  3.6
Fighting       | |  3.0
Armour         | |  1.7
Dodging        | |  0.8
Invocations    | |  2.4

Action                   || total
-------------------------++-------
Melee: Mace              ||   102
       Kick              ||    17
Invok: Depart the Abyss  ||     1
  Use: Scroll            ||     6
  Eat: Chunk             ||     2
Armor: Leather armour    ||    26
Dodge: Dodged            ||    78
